 Dungeon Crawl Stone Soup version 0.29.1-2-gbd0b4ee654 (webtiles) character file.

Game seed: 8380866376177211144

14504 Icepheonix32 the Fighter (level 11, -2/94 HPs)
             Began as a Minotaur Fighter on Oct 24, 2022.
             Was a High Priest of Okawaru.
             Slain by a fire elemental (7 damage)
             ... summoned by a deep elf pyromancer
             ... on level 11 of the Dungeon.
             The game lasted 00:29:20 (12874 turns).

Icepheonix32 the Fighter (Minotaur Fighter)        Turns: 12874, Time: 00:29:22

Health: -2/94      AC: 15    Str: 20    XL:     11   Next: 89%
Magic:  0/15       EV: 18    Int:  9    God:    Okawaru [*****.]
Gold:   470        SH:  0    Dex: 17    Spells: 10/10 levels left

rFire   . . .      SeeInvis .   U - +4 executioner's axe (vorpal)
rCold   . . .      Faith    .   (shield currently unavailable)
rNeg    . . .      Spirit   +   a - +0 swamp dragon scales
rPois   +          Reflect  .   (helmet restricted)
rElec   .          Harm     .   w - +2 cloak
rCorr   .          Rampage  +   (no gloves)
Will    .....                   Q - +0 pair of boots {rampage}
Stlth   +.........              i - amulet of guardian spirit
HPRegen 1.05/turn               P - +4 ring of evasion
MPRegen 0.14/turn               l - +6 ring of dexterity

@: no status effects
A: horns 2, retaliatory headbutt, frail 1, regeneration 1, wild magic 1
a: Renounce Religion, Heroism, Finesse, Duel


You were on level 11 of the Dungeon.
You worshipped Okawaru.
Okawaru was extremely pleased with you.
You visited 1 branch of the dungeon, and saw 11 of its levels.
You also visited: Gauntlet.

You collected 596 gold pieces.
You spent 126 gold pieces at shops.

Inventory:

Hand Weapons
 r - a +0 halberd of protection
 J - a +2 long sword
 R - a +3 antimagic broad axe
 U - a +4 vorpal executioner's axe (weapon)
 Y - a +6 war axe of flaming
Missiles
 d - 3 throwing nets (quivered)
 p - 4 javelins
 G - 5 boomerangs
 O - 2 curare-tipped darts
Armour
 a - +0 swamp dragon scales (worn)
 b - a +1 scale mail
 c - a +0 buckler
 u - an orb of light
 w - a +2 cloak (worn)
 E - a +2 leather armour of fire resistance
 Q - a +0 pair of boots of rampaging (worn)
 V - a +2 ring mail of cold resistance
 Z - +0 acid dragon scales
Jewellery
 f - a ring of protection from cold
 i - an amulet of guardian spirit (around neck)
 l - a +6 ring of dexterity (right hand)
 m - a ring of resist corrosion
 t - a ring of see invisible
 v - a ring of willpower
 y - an amulet of reflection
 z - the ring "Abbiwk" {rC+ Will+ Int+6 Slay-6}
   (You took it off a minotaur in a Gauntlet)

   [ring of intelligence]

   Int:       It affects your intelligence (+6).
   Slay:      It affects your accuracy & damage with ranged weapons and melee
   (-6).
   rC:        It protects you from cold.
   Will:      It increases your willpower.
 B - a +6 ring of dexterity
 M - a +6 ring of strength
 P - a +4 ring of evasion (left hand)
 W - a ring of willpower
Wands
 s - a wand of flame (11)
 x - a wand of acid (13)
 I - a wand of digging (2)
 L - a wand of polymorph (13)
 S - a wand of mindburst (5)
 X - a wand of iceblast (4)
Scrolls
 g - 2 scrolls of identify
 k - a scroll of poison
 n - 5 scrolls of blinking
 C - 2 scrolls of fear
 D - 2 scrolls of teleportation
 F - 2 scrolls of immolation
 N - 3 scrolls of vulnerability
Potions
 e - 5 potions of curing
 h - 2 potions of magic
 j - a potion of berserk rage
 o - a potion of brilliance
 q - 5 potions of haste
 A - 2 potions of might
 H - a potion of invisibility
 K - a potion of cancellation
 T - 3 potions of lignification


   Skills:
 * Level 12.4 Fighting
 + Level 4.0(9.0) Axes
 + Level 12.4(12.6) Polearms
 + Level 0.1 Throwing
 + Level 10.0 Armour
 + Level 5.7 Dodging
 + Level 1.8 Stealth
 + Level 4.5 Shields
 * Level 7.9 Invocations
 + Level 0.2 Evocations


You had 10 spell levels left.
You didn't know any spells.
Your spell library contained the following spells:

 Spells                   Type           Power      Damage    Failure   Level
 Sandblast                Erth           0%         2d4       61%         1
 Ensorcelled Hibernation  Hex/Ice        0%         N/A       75%         2
 Passwall                 Tmut/Erth      0%         N/A       75%         2
 Scorch                   Fire           0%         2d5       75%         2
 Dazzling Flash           Conj/Hex       0%         N/A       92%         3
 Gell's Gravitas          Tloc           0%         N/A       92%         3
 Lesser Beckoning         Tloc           0%         N/A       92%         3
 Ozocubu's Armour         Ice            0%         N/A       92%         3
 Spider Form              Tmut/Pois      0%         N/A       92%         3
 Stone Arrow              Conj/Erth      0%         3d7       92%         3
 Teleport Other           Tloc           0%         N/A       92%         3
 Anguish                  Hex/Necr       0%         N/A       100%        4
 Flame Wave               Conj/Fire      0%         2d4       100%        4
 Iskenderun's Mystic Bla  Conj/Tloc      0%         2d3       100%        4
 Metabolic Englaciation   Hex/Ice        0%         N/A       100%        5
 Starburst                Conj/Fire      0%         6d3       100%        6
 Simulacrum               Ice/Necr       Unusable   N/A       N/A         6
 Summon Cactus Giant      Summ           Unusable   N/A       N/A         6

Dungeon Overview and Level Annotations

Branches:
Dungeon (11/15)            Temple (0/1) D:6            Lair (0/5) D:11
    Orc (0/2) D:10        Gauntlet (visited)

Altars:
Ashenzari
Cheibriados
Dithmenos
Elyvilon
Fedhas
Gozag
Kikubaaqudgha
Makhleb
Nemelex Xobeh
Okawaru
Qazlal
Uskayaw
Xom
Yredelemnul
The Shining One

Shops:
D:4 [!(

Annotations:
D:2 1 runed translucent door, Crazy Yiuf
D:8 3 runed translucent doors, xian's ghost, novice HOFi
D:9 exclusion: 3 oklob plants


Innate Abilities, Weirdness & Mutations

You have a pair of horns on your head.
You reflexively headbutt those who attack you in melee.
You are frail. (-10% HP)
Your natural rate of healing is unusually fast.
Your spells are a little harder to cast, but a little more powerful.


Message History

The deep elf pyromancer casts a spell.
The deep elf pyromancer blinks!
The fire elemental hits you. The fire elemental burns you!
You barely miss the fire elemental.
The fire elemental is severely damaged.
You hit the deep elf pyromancer. You closely miss the fire elemental.
The fire elemental misses you. The fire elemental barely misses you.
The fire elemental hits you. The fire elemental burns you!
The deep elf pyromancer closely misses you.
The fire elemental completely misses you.
You furiously retaliate!
You headbutt the fire elemental! You slash the deep elf pyromancer!
The deep elf pyromancer is almost dead.
You barely miss the fire elemental. x2; The fire elemental closely misses you.
You furiously retaliate!
You headbutt the fire elemental, but do no damage.
The fire elemental hits you. The fire elemental burns you!
The deep elf pyromancer points at you and mumbles some strange words.
The sticky flame hits you.
You are covered in liquid flames!
The fire elemental misses you. The fire elemental hits you.
The fire elemental burns you!
The deep elf pyromancer gestures wildly while chanting.
The deep elf pyromancer blinks!
You are covered in liquid flames!
The fire elemental closely misses you.
You are covered in liquid flames!
You are no longer on fire.
The fire elemental barely misses you.
You closely miss the fire elemental. The fire elemental hits you.
The fire elemental burns you! The fire elemental hits you.
The fire elemental burns you!
You completely miss the fire elemental. The fire elemental hits you.
The fire elemental burns you!
The deep elf pyromancer gestures at you while chanting.
The bolt of fire hits the fire elemental.
The fire elemental completely resists.
The bolt of fire hits you!!
* * * LOW HITPOINT WARNING * * *
The fire elemental hits you. The fire elemental burns you!
You die...

*,****,*,***,,*,,* *** #.**,,,,,*
*,,,,,***,***
#.#*,*,*###*,,>,,**,,,,,
*...,,,^..#***,*****,***
**#..***#.# *,# *,*
#..####.####.# *,*
#,...##......## *,*
#.##.##°°.....# *,* *****
#..$.@EE#**##.##**,*
,,,,*******####.##.##.....>,,,*
***,**,,,,,,,,#..∩....#*.#*******
* *,*#.*###**,####.#####.# *,
***,,(.,..# *.# #.......# *,
,,,,*#.##.#*#.# #..$....# *,
*,*,*#.....,..# ######.## *,
*,,,,,..#.#*#.# #...# *,
*##,**#.#.###.# #...# *****,


You could see 2 fire elementals.

Vanquished Creatures
  A minotaur (Gauntlet)
  2 two-headed ogres
  A wretched star (Gauntlet)
  A wizard (Gauntlet)
  An ugly thing (D:10)
  A manticore (D:10)
  5 gargoyles
  Psyche (D:8)
  Maggie (D:10)
  An unseen horror (D:10)
  2 kobold demonologists
  An efreet (Gauntlet)
  A queen bee (Gauntlet)
  2 trolls
  Prince Ribbit (D:5)
  A hornet (D:9)
  A centaur simulacrum (D:10)
  A shadow (D:8)
  A wyvern (D:10)
  A wraith (D:8)
  A basilisk (D:10)
  2 neqoxecs (Gauntlet)
  A fire elemental (Gauntlet)
  2 vampire mosquitoes (D:10)
  2 steam dragons (D:9)
  3 acid dragons
  2 water moccasins
  A hell hound (Gauntlet)
  5 orc warriors
  A floating eye (D:9)
  An ice beast (D:7)
  2 sky beasts
  A black bear (D:4)
  3 centaurs
  An ogre (D:6)
  A bullfrog (D:7)
  4 kobold brigands
  Blork the orc (D:5)
  2 necrophages
  A gnoll sergeant (D:10)
  4 scorpions
  5 wights
  11 killer bees
  7 howler monkeys
  An electric eel (D:10)
  5 hounds
  9 orc priests
  A gnoll bouda (D:8)
  5 iguanas
  15 orc wizards
  A small abomination (Gauntlet)
  10 gnolls
  6 adders
  2 shadow imps (Gauntlet)
  2 white imps (Gauntlet)
  An ufetubus (D:5)
  A worm (D:2)
  3 dart slugs
  35 orcs
  5 endoplasms
  2 giant cockroaches
  3 goblins
  5 hobgoblins
  6 jackals
  13 kobolds
  5 quokkas
  5 ball pythons
  A bat (D:1)
  2 frilled lizards (D:1)
  22 rats
257 creatures vanquished.

Vanquished Creatures (others)
  A wizard (Gauntlet)
  3 plants (D:9)
4 creatures vanquished.

Grand Total: 261 creatures vanquished

Notes
Turn   | Place    | Note
-------+----------+-------------------------------------------
     0 | D:1      | Icepheonix32 the Minotaur Fighter began the quest for the
                  | Orb.
     0 | D:1      | Reached XP level 1. HP: 19/19 MP: 0/0
    69 | D:1      | Reached XP level 2. HP: 27/27 MP: 1/1
   928 | D:2      | Reached XP level 3. HP: 26/34 MP: 2/2
  1436 | D:2      | Found a glowing golden altar of the Shining One.
  1496 | D:2      | Found a runed translucent door.
  1605 | D:2      | Reached XP level 4. HP: 26/41 MP: 3/3
  2012 | D:3      | Found a blossoming altar of Fedhas.
  2073 | D:3      | Reached skill level 5 in Fighting
  2202 | D:3      | Found a faded altar of an unknown god.
  2460 | D:3      | Reached XP level 5. HP: 48/48 MP: 4/4
  2742 | D:3      | Found a sparkling altar of Nemelex Xobeh.
  2792 | D:4      | Found Byupaxt's Distillery.
  2801 | D:4      | Bought a potion of heal wounds for 70 gold pieces
  2801 | D:4      | Bought a potion of curing for 42 gold pieces
  2801 | D:4      | Bought a potion of degeneration for 14 gold pieces
  2938 | D:4      | Found an iron altar of Okawaru.
  2956 | D:4      | Reached skill level 5 in Armour
  2962 | D:4      | Reached XP level 6. HP: 36/57 MP: 5/5
  2969 | D:4      | Became a worshipper of Warmaster Okawaru
  3149 | D:4      | Found Dowag's Antique Weapon Emporium.
  3163 | D:4      | Found a shadowy altar of Dithmenos.
  3272 | D:4      | Found Vefoatzi's Armour Shoppe.
  3446 | D:2      | Noticed Crazy Yiuf
  3510 | D:5      | Entered Level 5 of the Dungeon
  3624 | D:5      | Reached skill level 1 in Dodging
  3641 | D:4      | Reached skill level 1 in Invocations
  3652 | D:4      | Reached skill level 1 in Polearms
  3898 | D:5      | Reached * piety under Okawaru
  3937 | D:5      | Found a white marble altar of Elyvilon.
  3958 | D:5      | Reached XP level 7. HP: 61/63 MP: 4/6
  4011 | D:5      | Noticed Prince Ribbit
  4018 | D:5      | Killed Prince Ribbit
  4193 | D:5      | Noticed Blork the orc
  4203 | D:5      | Killed Blork the orc
  4204 | D:5      | Reached XP level 8. HP: 39/71 MP: 3/8
  4746 | D:6      | Noticed a two-headed ogre
  4758 | D:6      | Killed a two-headed ogre
  4758 | D:6      | Reached ** piety under Okawaru
  4824 | D:6      | Reached XP level 9. HP: 37/81 MP: 7/11
  5067 | D:6      | Found a staircase to the Ecumenical Temple.
  5218 | D:6      | Found a shimmering altar of Xom.
  5501 | D:6      | Found a shimmering altar of Xom.
  5505 | D:6      | Found a shimmering altar of Xom.
  6225 | D:7      | Found a broken altar of Ashenzari.
  6627 | D:7      | Reached *** piety under Okawaru
  6642 | D:7      | Reached skill level 5 in Invocations
  6683 | D:7      | Found a glowing golden altar of the Shining One.
  6775 | D:8      | Noticed Psyche
  6787 | D:8      | Killed Psyche
  7228 | D:8      | Found a snail-covered altar of Cheibriados.
  7330 | D:8      | Reached skill level 1 in Stealth
  7879 | D:8      | Found a runed translucent gate.
  7879 | D:8      | Found a runed translucent gate.
  7879 | D:8      | Found a runed translucent gate.
  7880 | D:8      | Found an opulent altar of Gozag.
  7880 | D:8      | Noticed xian's ghost (novice HOFi)
  7881 | D:8      | Noticed a boulder beetle
  8046 | D:8      | Noticed a gargoyle
  8050 | D:8      | Killed a gargoyle
  8050 | D:8      | Reached **** piety under Okawaru
  8051 | D:8      | Reached XP level 10. HP: 83/91 MP: 11/13
  8072 | D:8      | Noticed a gargoyle
  8078 | D:8      | Killed a gargoyle
  8084 | D:8      | Noticed a gargoyle
  8093 | D:8      | Killed a gargoyle
  8289 | D:8      | Noticed a gargoyle
  8297 | D:8      | Killed a gargoyle
  8712 | D:8      | Reached skill level 10 in Polearms
  8849 | D:9      | Noticed a rust devil
  8860 | D:9      | Noticed an orange demon
  9366 | D:9      | Noticed an oklob plant
  9372 | D:9      | Found a hide-covered altar of Uskayaw.
  9531 | D:9      | Noticed an oklob plant
  9538 | D:9      | Noticed an oklob plant
  9557 | D:9      | Reached ***** piety under Okawaru
  9684 | D:9      | Reached skill level 10 in Fighting
  9874 | D:9      | Found a burning altar of Makhleb.
  9970 | D:9      | Found an ancient bone altar of Kikubaaqudgha.
  9974 | D:9      | Found an opulent altar of Gozag.
 10478 | D:10     | Entered Level 10 of the Dungeon
 10515 | D:10     | Found a stormy altar of Qazlal.
 10824 | D:10     | Noticed a two-headed ogre
 10830 | D:10     | Killed a two-headed ogre
 10833 | D:10     | Received a gift from Okawaru
 10834 | D:10     | Reached XP level 11. HP: 82/101 MP: 9/15
 10834 | D:10     | Noticed a green ugly thing
 10843 | D:10     | Killed a green ugly thing
 10849 | D:10     | Noticed a sixfirhy
 10906 | D:10     | Noticed Maggie
 10932 | D:10     | Killed Maggie
 11241 | D:10     | Found a basalt altar of Yredelemnul.
 11336 | D:10     | Reached skill level 5 in Dodging
 11677 | D:10     | Found a staircase to the Orcish Mines.
 12066 | D:11     | Found a gate leading to a gauntlet.
 12078 | Gauntlet | Entered a Gauntlet
 12078 | Gauntlet | Found a transporter.
 12090 | Gauntlet | Found a transporter.
 12090 | Gauntlet | Found a transporter.
 12091 | Gauntlet | Found a transporter.
 12097 | Gauntlet | Noticed a wizard
 12099 | Gauntlet | Found a transporter.
 12102 | Gauntlet | Found a transporter.
 12103 | Gauntlet | Found a transporter.
 12111 | Gauntlet | Noticed a wizard
 12112 | Gauntlet | Found a transporter.
 12115 | Gauntlet | Found a transporter.
 12116 | Gauntlet | Found a transporter.
 12124 | Gauntlet | Found a transporter.
 12125 | Gauntlet | Noticed a wretched star
 12127 | Gauntlet | Found a transporter.
 12128 | Gauntlet | Found a transporter.
 12136 | Gauntlet | Found a transporter.
 12347 | Gauntlet | Killed a wizard
 12516 | Gauntlet | Killed a wizard
 12516 | Gauntlet | Received a gift from Okawaru
 12566 | Gauntlet | Gained mutation: You are dopey. (Int -2) [a neqoxec]
 12570 | Gauntlet | Killed a wretched star
 12571 | Gauntlet | Reached skill level 10 in Armour
 12584 | Gauntlet | Lost mutation: You are dopey. (Int -2) [potion of mutation]
 12584 | Gauntlet | Gained mutation: Your natural rate of healing is unusually
                  | fast. [potion of mutation]
 12584 | Gauntlet | Gained mutation: You are frail. (-10% HP) [potion of
                  | mutation]
 12584 | Gauntlet | Gained mutation: Your spells are a little harder to cast,
                  | but a little more powerful. [potion of mutation]
 12745 | Gauntlet | Identified the ring "Abbiwk" {rC+ Will+ Int+6 Slay-6}
 12745 | Gauntlet | Noticed a minotaur
 12752 | Gauntlet | Killed a minotaur
 12862 | D:11     | Noticed a deep elf pyromancer
 12874 | D:11     | Slain by a fire elemental

Illustrated notes

Levels and vault maps discovered:
D:1:      psy_arrival_dodecagon, layout_basic
D:2:      layout_loops_corners, basic_altar, minmay_splitting_lines,
          uniq_crazy_yiuf_cottage
D:3:      layout_loops_ring, fedhas_altar_fruit_tree,
          nemelex_spade_bored_becter, basic_ecumenical_altar, minmay_rat_hole
D:4:      layout_cave_pools, okawaru_trees_2,
          nicolae_dithmenos_through_a_glass_darkly, serial_shops,
          nicolae_shop_waterfront, kennysheep_mini_moat, shop_fountains
D:5:      layout_rooms, mainiacjoe_overflow_surrounded_room, nicolae_titane,
          uniq_blork_the_orc, uniq_prince_ribbit1
D:6:      layout_rooms, xom_redecorated, minmay_temple_entry_poolview
D:7:      layout_loops_ring, tso_altar, lemuel_crystal_altar,
          kennysheep_generic_room_9
D:8:      cheibrodos_statue_roulette, layout_basic, cheibriados_altar_1,
          serial_aquarium, aquarium_bridge_straight [aquarium_subvault_bridge,
          aquarium_subvault_wall, aquarium_subvault_bridge,
          aquarium_subvault_wall], aquarium_bridge_straight
          [aquarium_subvault_bridge, aquarium_subvault_wall,
          aquarium_subvault_bridge, aquarium_subvault_wall], aquarium_window_1,
          aquarium_window_fake, aquarium_view_2f, aquarium_balcony_1b,
          aquarium_pool_corner, ebering_ghost_gozag, uniq_psyche
D:9:      layout_gridville, nicolae_uskayaw_murder_on_the_dancefloor,
          mainiacjoe_overflow_cross_hatched, nicolae_overflow_squiral,
          serial_glass, glass_columns_a, glass_columns_a, disabler_island
D:10:     minmay_distorted_concentric_squares, layout_gridville,
          mainiacjoe_overflow_six_doors_small, kennysheep_mini, erik_orc_2,
          uniq_maggie
D:11:     layout_loops_cross, erik_lair_orcish_takeover, gauntlet_entry_generic

Skill      XL: |  1  2  3  4  5  6  7  8  9 10 11 |
---------------+----------------------------------+-----
Fighting       | 4 5 6 8 9 10 12 | 12.4
Armour         | 4 5 6 7 8 9 10 | 10.0
Shields        | 4 |  4.5
Axes           | 3 4 |  4.0
Dodging        | 1 2 3 4 5 |  5.7
Invocations    | 1 2 4 5 6 7 |  7.9
Polearms       | 2 3 6 9 10 12 | 12.4
Stealth        | 1 |  1.8
Throwing       | |  0.1
Evocations     | |  0.2

Action                   |  1- 3 |  4- 6 |  7- 9 | 10-12 || total
-------------------------+-------+-------+-------+-------++-------
Melee: War axe           |    69 |    64 |       |    11 ||   144
       Headbutt          |     7 |    12 |    55 |    69 ||   143
       Halberd           |       |    40 |   266 |   293 ||   599
       Executioner's axe |       |       |       |    66 ||    66
Throw: Boomerang         |       |       |       |     1 ||     1
Invok: Heroism           |       |       |     4 |     3 ||     7
       Finesse           |       |       |       |     3 ||     3
Evoke: Wand              |       |       |       |     5 ||     5
  Use: Potion            |     1 |     6 |     2 |     1 ||    10
       Scroll            |       |     8 |     6 |     9 ||    23
Armor: Scale mail        |    28 |    93 |   136 |    94 ||   351
       Swamp dragon scal |       |       |       |    50 ||    50
       Ring mail         |       |       |       |    31 ||    31
       Leather armour    |       |       |       |     1 ||     1
Dodge: Dodged            |    27 |    70 |   140 |   284 ||   521
Block: Buckler           |    11 |    20 |       |       ||    31
